 Dungeon Crawl Stone Soup version 0.19.5 (webtiles) character file.

16170 Inarius the Cleaver (level 12, -8/105 HPs)
             Began as a Minotaur Fighter on May 10, 2017.
             Was a High Priest of Yredelemnul.
             Killed from afar by a molten gargoyle (41 damage)
             ... with a bolt of magma
             ... on level 12 of the Dungeon.
             The game lasted 00:35:57 (11374 turns).

Inarius the Cleaver (Minotaur Fighter)             Turns: 11374, Time: 00:35:58

Health: -8/105     AC: 20    Str: 28    XL:     12   Next: 7%
Magic:  16/16      EV: 10    Int: 13    God:    Yredelemnul [*****.]
Gold:   623        SH: 14    Dex: 20    Spells: 0 memorised, 11 levels left

rFire  . . .     SeeInvis +     A - +7 hand axe of No Interval {chop, rC+ Str+4 Dex+3}
rCold  + + .     Gourm    .     N - +4 chain mail of Bosoj {rC+ Int+6 Dex+3}
rNeg   . . .     Faith    .     c - +0 shield
rPois  +         Spirit   .     (helmet restricted)
rElec  +         Reflect  .     V - +1 cloak
rCorr  .         Harm     .     (no gloves)
MR     +....                    z - +1 pair of boots
Stlth  ..........               (no amulet)
                                (no ring)
                                G - ring of see invisible

@: no status effects
A: retaliatory headbutt, claws 1, horns 2, agile 1, clever 1, magic resistance
1, poison resistance, electricity resistance, wild magic 2
a: Recall Undead Slaves, Injury Mirror, Animate Dead, Drain Life, Enslave Soul,
Renounce Religion


You were on level 12 of the Dungeon.
You worshipped Yredelemnul.
Yredelemnul was extremely pleased with you.
You were very hungry.

You visited 1 branch of the dungeon, and saw 12 of its levels.
You also visited: Sewer.

You collected 971 gold pieces.
You spent 348 gold pieces at shops.

Inventory:

Hand Weapons
 A - the +7 hand axe of No Interval (weapon) {chop, rC+ Str+4 Dex+3}
   (You found it on level 5 of the Dungeon)

   It inflicts extra damage upon your enemies.
   It affects your strength (+4).
   It affects your dexterity (+3).
   It protects you from cold.
 J - the +8 dagger "Jioseled" {speed, rElec Str+6}
   (You found it on level 7 of the Dungeon)

   Attacks with this weapon are significantly faster.
   It affects your strength (+6).
   It insulates you from electricity.
Missiles
 W - 21 arrows
Armour
 c - a +0 shield (worn)
 z - a +1 pair of boots (worn)
 N - the +4 chain mail of Bosoj (worn) {rC+ Int+6 Dex+3}
   (You bought it in a shop on level 9 of the Dungeon)

   It affects your intelligence (+6).
   It affects your dexterity (+3).
   It protects you from cold.
 V - a +1 cloak (worn)
Jewellery
 G - a ring of see invisible (left claw)
Wands
 l - a wand of slowing (26/48)
 r - a wand of disintegration (5/24)
 O - a wand of polymorph (19/24)
 R - a wand of polymorph (11/24)
 T - a wand of flame (16/48)
Scrolls
 a - 4 scrolls of remove curse
 e - 4 scrolls of amnesia
 m - a scroll of blinking {unknown}
 o - 4 scrolls of immolation {unknown}
 p - 2 scrolls of recharging
 s - 3 scrolls of magic mapping
 u - 2 scrolls of vulnerability
 w - 2 scrolls of noise {unknown}
 y - a scroll of acquirement {unknown}
 B - a scroll of fog {unknown}
 D - 4 scrolls of enchant armour {unknown}
 E - 4 scrolls of teleportation {unknown}
 I - a scroll of random uselessness {unknown}
 K - a scroll of fear {unknown}
 S - a scroll of identify
Potions
 b - a potion of brilliance
 d - 5 potions of might
 g - 2 potions of ambrosia
 h - a potion of cancellation
 i - 5 potions of curing
 j - 8 potions of heal wounds
 k - a potion of berserk rage
 q - 5 potions of haste
 t - 2 potions of magic
 v - 3 potions of lignification
 x - 2 potions of flight
 C - 2 potions of agility
 M - 3 potions of resistance
Books
 U - a book of Party Tricks

   Spells                             Type                      Level
   a - Summon Butterflies             Summoning                    1
   b - Apportation                    Translocation                1
   c - Lesser Beckoning               Translocation                3
   d - Tukima's Dance                 Hexes                        3
   e - Alistair's Intoxication        Transmutation/Poison         5
   f - Invisibility                   Hexes                        6
Comestibles
 f - 8 bread rations
 n - 3 meat rations
 H - 6 beef jerkies
 L - 11 royal jellies
 Q - a fruit


   Skills:
 + Level 9.5 Fighting
 + Level 13.1(13.2) Axes
   Level 2.4(9.1) Maces & Flails
 + Level 10.0 Armour
 + Level 3.2 Dodging
 + Level 1.4 Stealth
 + Level 11.1 Shields
 * Level 7.6 Invocations


You had 11 spell levels left.
You didn't know any spells.

Dungeon Overview and Level Annotations

Branches:
Dungeon (12/15)            Temple (0/1) D:5            Lair (0/6) D:9
    Orc: D:9-12

Altars:
Ashenzari
Cheibriados
Elyvilon
Fedhas
Kikubaaqudgha
Qazlal
Ru
Trog
Uskayaw
Vehumet
Yredelemnul

Shops:
D:4 !   D:8 ?   D:9 =*[


Innate Abilities, Weirdness & Mutations

You reflexively headbutt those who attack you in melee.
You have a pair of horns on your head.
You have sharp fingernails.
You are agile. (Dex +2)
Your mind is acute. (Int +2)
You are resistant to hostile enchantments. (MR+)
Your system is resistant to poisons. (rPois)
You are resistant to electric shocks. (rElec)
Your spells are harder to cast, but more powerful.


Message History

The lava snake is severely wounded.
You closely miss the molten gargoyle. You hit the lava snake.
The lava snake is almost dead.
You hit the molten gargoyle but do no damage.
The lava snake bites you but does no damage.
The molten gargoyle hits you with a mace.
You are engulfed in flames!
You slash the lava snake!
You kill the lava snake!
Yredelemnul accepts your kill.
You hit the molten gargoyle but do no damage.
The molten gargoyle blasts magma at you!
The bolt of magma hits you!
The molten gargoyle blasts magma at you!
The bolt of magma hits you!
The molten gargoyle blasts magma at you!
The bolt of magma hits you!
You die...
Your body rises from the dead as a mindless zombie.

#<§§≈..<#
###§§§###
##§§≈##
#§§§§≈#
##§≈§.§##
#≈§§§.§§#
#§≈##..≈##
#§≈# ##.≈≈#
#§# ##@.≈#
#§≈ ##..≈≈#
##≈##§..≈≈#
#≈≈9..§§##
#≈..§§≈##
#≈§..≈≈≈#
#≈..≈≈≈##
##..§≈##
#≈..≈#


You could see a molten gargoyle.

Vanquished Creatures
  Erica (D:8)
  A centaur warrior (D:9)
  Sonja (D:10)
  The ghost of Azzok the Slicer, a novice KoFi of Okawaru (D:7)
  3 hill giants
  3 ugly things
  Psyche (D:9)
  2 trolls
  A hornet (D:9)
  A wind drake (shapeshifter) (D:9)
  6 yaks
  2 hungry ghosts (D:7)
  2 wargs (D:9)
  The ghost of miragecloak the Changer, an amateur OpTm (D:3)
  Edmund (D:5)
  Duvessa (D:4)
  A water moccasin (D:7)
  3 orc warriors
  A sky beast (D:7)
  2 black bears
  A phantom (D:8)
  4 ogres
  8 centaurs
  A big kobold (D:9)
  6 bullfrogs
  Dowan (D:4)
  A wyvern skeleton (D:11)
  11 scorpions
  22 killer bees (D:10)
  4 wights
  4 crimson imps
  3 lava snakes (D:12)
  3 bullfrog zombies
  A centaur zombie (D:7)
  A jelly (D:6)
  6 hounds
  6 orc priests
  19 orc wizards
  3 bullfrog skeletons
  A centaur skeleton (D:9)
  8 worker ants
  8 iguanas
  A hound skeleton (D:9)
  A hound zombie (D:9)
  A worker ant zombie (D:5)
  Robin (D:4)
  17 adders
  A river rat (D:6)
  5 shadow imps
  2 oozes (Sewer)
  3 adder zombies
  3 adder skeletons
  2 worms
  3 dart slugs
  4 leopard geckos
  55 orcs
  8 giant cockroaches
  9 hobgoblins
  28 jackals
  25 kobolds
  5 quokkas
  2 ball pythons
  7 bats
  8 frilled lizards
  14 goblins
  A jackal skeleton (D:5)
  A leopard gecko zombie (D:7)
  2 quokka skeletons (D:5)
  A quokka zombie (D:7)
  11 rats
378 creatures vanquished.

Vanquished Creatures (collateral kills)
  A hydra (D:11)
  Maurice (D:9)
  A queen bee (D:10)
  A troll (D:9)
  3 hippogriffs (D:9)
  A hungry ghost (D:9)
  A soldier ant (D:9)
  A warg (D:9)
  An ice beast (D:8)
  A phantom (D:9)
  3 ogres
  2 killer bees (D:10)
  2 wights
  A crimson imp (D:9)
  2 orc priests
  2 jellies
  2 orc wizards (D:9)
  An orc (D:9)
  A kobold (D:9)
  2 quokkas (D:8)
  3 bushes (D:8)
33 creatures vanquished.

Vanquished Creatures (others)
  3 flying skulls
  A bullfrog zombie (D:8)
  A jelly (D:5)
  6 killer bee zombies (D:10)
  3 mummies
  An iguana zombie (D:10)
  2 orcs (D:5)
  A giant cockroach zombie (D:6)
  4 orc zombies
  4 toadstools (D:1)
26 creatures vanquished.

Grand Total: 437 creatures vanquished

Notes
Turn   | Place    | Note
-------+----------+-------------------------------------------
     0 | D:1      | Inarius the Minotaur Fighter began the quest for the Orb.
     0 | D:1      | Reached XP level 1. HP: 19/19 MP: 0/0
    60 | D:1      | Reached XP level 2. HP: 24/27 MP: 1/1
   359 | D:1      | Reached XP level 3. HP: 33/33 MP: 2/2
   441 | D:2      | Reached skill level 3 in Axes
   665 | D:2      | Reached XP level 4. HP: 17/40 MP: 3/3
  1366 | D:3      | Reached skill level 5 in Shields
  1465 | D:3      | Noticed miragecloak's ghost (amateur OpTm)
  1496 | D:3      | Killed miragecloak's ghost
  1496 | D:3      | Reached skill level 4 in Axes
  1496 | D:3      | Reached XP level 5. HP: 47/47 MP: 4/4
  1546 | D:3      | Reached skill level 5 in Armour
  1851 | D:3      | Reached XP level 6. HP: 53/53 MP: 5/5
  2326 | D:4      | Reached skill level 1 in Dodging
  2350 | D:4      | Reached skill level 5 in Axes
  2600 | D:4      | Noticed Robin
  2610 | D:4      | Killed Robin
  2649 | D:4      | Reached XP level 7. HP: 60/60 MP: 6/6
  2666 | D:4      | Found Moruyz's Distillery.
  2847 | D:4      | Reached skill level 6 in Axes
  2968 | D:4      | Noticed Dowan
  2969 | D:4      | Found a snail-covered altar of Cheibriados.
  2969 | D:4      | Found a basalt altar of Yredelemnul.
  2969 | D:4      | Noticed Duvessa
  2971 | D:4      | Found a sacrificial altar of Ru.
  2971 | D:4      | Found a hide-covered altar of Uskayaw.
  2971 | D:4      | Found a white marble altar of Elyvilon.
  2980 | D:4      | Killed Duvessa
  2981 | D:4      | Found an ancient bone altar of Kikubaaqudgha.
  2988 | D:4      | Killed Dowan
  3022 | D:4      | Became a worshipper of Yredelemnul the Dark
  3110 | D:4      | Reached skill level 5 in Fighting
  3110 | D:4      | Reached skill level 7 in Axes
  3150 | D:5      | Entered Level 5 of the Dungeon
  3257 | D:5      | Found a staircase to the Ecumenical Temple.
  3579 | D:5      | Noticed Edmund
  3588 | D:5      | Killed Edmund
  3588 | D:5      | Reached skill level 1 in Invocations
  3588 | D:5      | Reached XP level 8. HP: 67/68 MP: 7/7
  3614 | D:5      | Found a bloodstained altar of Trog.
  3731 | D:5      | Reached skill level 1 in Maces & Flails
  3895 | D:5      | Reached * piety under Yredelemnul
  4176 | D:5      | Got a warped hand axe
  4177 | D:5      | Identified the +7 hand axe of No Interval {chop, rC+ Str+4 Dex+3} (You found it on level 5 of the Dungeon)
  4472 | D:6      | Found a glowing drain.
  4488 | Sewer    | Entered a sewer
  4765 | D:6      | Reached ** piety under Yredelemnul
  4823 | D:6      | Reached skill level 8 in Axes
  4891 | D:6      | Found a radiant altar of Vehumet.
  5235 | D:6      | Reached XP level 9. HP: 70/75 MP: 10/10
  5248 | D:6      | Found a basalt altar of Yredelemnul.
  5416 | D:7      | Reached *** piety under Yredelemnul
  5425 | D:7      | Reached skill level 9 in Axes
  5550 | D:7      | Found a bloodstained altar of Trog.
  5601 | D:7      | Noticed Azzok's ghost (novice KoFi)
  5622 | D:7      | Killed Azzok's ghost
  5860 | D:7      | Gained mutation: Your mind is acute. (Int +2) [mutagenic meat]
  5861 | D:7      | Gained mutation: Your body sometimes deteriorates upon taking damage. [mutagenic meat]
  5862 | D:7      | Gained mutation: Armour fits poorly on your strangely shaped body. [mutagenic meat]
  5959 | D:7      | Reached skill level 10 in Axes
  6350 | D:7      | Noticed a troll
  6363 | D:7      | Killed a troll
  6363 | D:7      | Reached XP level 10. HP: 60/86 MP: 12/12
  6378 | D:7      | Got a shimmering dagger
  6379 | D:7      | Identified the +8 dagger "Jioseled" {speed, rElec Str+6} (You found it on level 7 of the Dungeon)
  6688 | D:7      | You fall through a shaft!
  6734 | D:8      | Reached skill level 5 in Invocations
  6751 | D:8      | Reached **** piety under Yredelemnul
  6770 | D:8      | Found Cafur's Magic Scroll Emporium.
  6790 | D:8      | Bought a scroll of identify for 22 gold pieces
  6790 | D:8      | Bought a scroll of identify for 22 gold pieces
  6882 | D:8      | Noticed Erica
  6909 | D:8      | Killed Erica
  6909 | D:8      | Reached skill level 11 in Axes
  6909 | D:8      | Received a gift from Yredelemnul (3 flying skulls)
  7165 | D:8      | Lost mutation: Your body sometimes deteriorates upon taking damage. [potion of cure mutation]
  7165 | D:8      | Lost mutation: Your mind is acute. (Int +2) [potion of cure mutation]
  7165 | D:8      | Lost mutation: Armour fits poorly on your strangely shaped body. [potion of cure mutation]
  7172 | D:8      | Found a blossoming altar of Fedhas.
  7521 | D:8      | Got a bone hunting sling
  7522 | D:8      | Identified the +1 hunting sling "Weru" {velocity, *Corrode rN++ Dex+5} (You found it on level 8 of the Dungeon)
  7835 | D:9      | Found Aly Tuy's Jewellery Boutique.
  7854 | D:9      | Noticed Psyche
  7866 | D:9      | Killed Psyche
  7894 | D:9      | Found a staircase to the Lair.
  7985 | D:9      | Found Duiz's Antique Armour Emporium.
  8073 | D:9      | Bought a scorched chain mail for 304 gold pieces
  8084 | D:9      | Identified the +4 chain mail of Bosoj {rC+ Int+6 Dex+3} (You bought it in a shop on level 9 of the Dungeon)
  8228 | D:9      | Found a stormy altar of Qazlal.
  8234 | D:9      | Noticed Maurice
  8251 | D:9      | Killed Maurice
  8291 | D:9      | Found a shattered altar of Ashenzari.
  8428 | D:9      | Found Hyujeug's General Store.
  8481 | D:9      | Reached XP level 11. HP: 94/94 MP: 14/14
  8543 | D:9      | Received a gift from Yredelemnul (a mummy)
  8595 | D:9      | Noticed a centaur warrior
  8607 | D:9      | Noticed a red ugly thing
  8611 | D:9      | Killed a centaur warrior
  8611 | D:9      | Reached skill level 12 in Axes
  8611 | D:9      | Reached skill level 10 in Shields
  8620 | D:9      | Killed a red ugly thing
  8642 | D:9      | Noticed a hill giant
  8654 | D:9      | Killed a hill giant
  8685 | D:9      | Gained mutation: You are resistant to electric shocks. (rElec) [potion of mutation]
  8685 | D:9      | Gained mutation: Your mind is acute. (Int +2) [potion of mutation]
  8685 | D:9      | Gained mutation: You are agile. (Dex +2) [potion of mutation]
  8686 | D:9      | Gained mutation: Your spells are a little harder to cast, but a little more powerful. [potion of mutation]
  8686 | D:9      | Gained mutation: You are resistant to hostile enchantments. (MR+) [potion of mutation]
  8686 | D:9      | Gained mutation: Your spells are harder to cast, but more powerful. [potion of mutation]
  8687 | D:9      | Gained mutation: Armour fits poorly on your strangely shaped body. [potion of mutation]
  8687 | D:9      | Gained mutation: Your system is resistant to poisons. (rPois) [potion of mutation]
  8694 | D:9      | Noticed a hill giant
  8700 | D:9      | Killed a hill giant
  8700 | D:9      | Received a gift from Yredelemnul (a mummy)
  8707 | D:9      | Noticed a red ugly thing
  8716 | D:9      | Killed a red ugly thing
  9219 | D:10     | Entered Level 10 of the Dungeon
  9451 | D:10     | Noticed Sonja
  9466 | D:10     | Killed Sonja
  9823 | D:10     | Reached ***** piety under Yredelemnul
 10015 | D:10     | Reached skill level 1 in Stealth
 10492 | D:11     | Reached skill level 13 in Axes
 10509 | D:11     | Received a gift from Yredelemnul (a mummy)
 10551 | D:11     | Noticed a hill giant
 10560 | D:11     | Killed a hill giant
 10917 | D:11     | Noticed a purple ugly thing
 10930 | D:11     | Killed a purple ugly thing
 10930 | D:11     | Reached XP level 12. HP: 100/105 MP: 16/16
 10935 | D:11     | Lost mutation: Armour fits poorly on your strangely shaped body. [mutagenic meat]
 10936 | D:11     | Gained mutation: You have sharp fingernails. [mutagenic meat]
 11037 | D:11     | Noticed a five-headed hydra
 11049 | D:11     | Killed a five-headed hydra
 11049 | D:11     | Reached skill level 10 in Armour
 11374 | D:12     | Killed from afar by a molten gargoyle

Skill      XL: |  1  2  3  4  5  6  7  8  9 10 11 12 |
---------------+-------------------------------------+-----
Shields        | 4 5 6 7 8 9 11 | 11.1
Fighting       | 4 5 6 7 8 9 |  9.5
Armour         | 4 5 6 7 8 9 10 | 10.0
Axes           | 3 4 5 7 8 10 11 13 | 13.1
Dodging        | 1 2 3 |  3.2
Invocations    | 1 2 4 6 7 |  7.6
Maces & Flails | 2 |  2.4
Stealth        | 1 |  1.4

Action                   |  1- 3 |  4- 6 |  7- 9 | 10-12 || total
-------------------------+-------+-------+-------+-------++-------
Melee: War axe           |    95 |   180 |    88 |       ||   363
       Headbutt          |    19 |    31 |    80 |   127 ||   257
       Hand axe          |       |       |   201 |   391 ||   592
       Flail             |       |       |    74 |       ||    74
       Dagger            |       |       |       |    14 ||    14
Invok: Animate Remains   |       |       |     2 |       ||     2
       Animate Dead      |       |       |       |     9 ||     9
       Recall Undead Sla |       |       |       |     1 ||     1
  Use: Scroll            |       |     8 |     5 |     7 ||    20
       Potion            |       |     1 |       |     5 ||     6
 Stab: Distracted        |       |       |       |     1 ||     1
  Eat: Chunk             |       |     6 |    17 |    19 ||    42
       Royal jelly       |       |       |       |     1 ||     1
       Fruit             |       |       |       |     2 ||     2
Armor: Scale mail        |    55 |    12 |       |       ||    67
       Chain mail        |       |    93 |   104 |    81 ||   278
       Ring mail         |       |     3 |       |       ||     3
       Plate armour      |       |       |    20 |    40 ||    60
       Skin              |       |       |       |     9 ||     9
Dodge: Dodged            |    33 |    38 |    82 |   103 ||   256
Block: Shield            |    50 |    99 |   183 |   206 ||   538
